[Event "USA Championship 2024"]
[Site "Saint Louis"]
[Date "2024.10.16"]
[Round "5.1"]
[White "Aronian, Levon"]
[Black "Shankland, Sam"]
[Result "1-0"]
[ECO "B72"]
[WhiteElo "2738"]
[BlackElo "2677"]
[Annotator "TA"]
[PlyCount "57"]
[EventDate "2024.10.09"]
[EventType "tourn"]
[EventCountry "USA"]
[SourceTitle "playchess.com"]
[Source "ChessBase"]
[SourceQuality "1"]
[TimeControl "40/5400+30:1800+30"]

1. e4 c5 2. Nc3 Nc6 3. Nge2 g6 4. d4 cxd4 5. Nxd4 Bg7 6. Be3 Nf6 7. Bc4 O-O 8. Bb3 d6 9. h3 Na5 10. O-O b6 11. Re1 Bb7 12. Qd3 Rc8 13. Rad1 {[%emt 0:00:15] The position is equal.} Nxb3 14. axb3 a6 15. b4 Qc7 16. b5 a5 17. Bg5 Rfe8 18. Qe3 Qc4 19. Bh6 Bh8 20. Rd3 Qb4 21. Bg5 Rc4 ({Black should try} 21... h6 $17 22. Bxh6 Nd7) 22. Nf5 $1 $11 gxf5 $4 {[%emt 0:09:05][%mdl 8192] [#]} (22... Qxb2 $11 {and Black is okay.} 23. e5 dxe5 (23... gxf5 $2 24. exf6 Be4 25. Nd5 $18) 24. Nxe7+ Rxe7 25. Qxb6 Bc6 (25... Qxc2 26. Rd8+ Re8 27. Bxf6 $16) (25... Rd7 26. Bxf6 Rxd3 27. cxd3 $14) 26. Qd8+ Re8 27. Bxf6 Bxf6 28. Qxf6 Qxc2) 23. Bh6 $1 $18 Nxe4 24. Nxe4 {[%emt 0:00:05] Threatening mate with Qg5+.} Be5 {[%emt 0:00:58] [#]} 25. Nxd6 $1 f6 {[%emt 0:04:25] Inhibits Qg5+.} 26. Nxc4 (26. Nxe8 $2 {perishes.} Re4 (26... Qxb2 $2 27. Qxb6 Kf7 28. Qxb7 $18) 27. Nxf6+ exf6 28. Rd8+ Kf7 29. Rd7+ Ke8 $19) 26... Qxc4 27. f4 {[%emt 0:00:04][%cal Bf2f4,Bf4e5][%mdl 32] White wants to mate with Qg3+.} Kh8 28. fxe5 Rg8 29. Rd2 {[%emt 0:00:12] Weighted Error Value: White=0.07 (flawless) /Black=0.70.  Loses game:     	---       	Black=1      Mistake:       	---       	Black=1      Inaccurate:     	White=2     	---        OK:         	White=4     	Black=9      Strong:       	White=2     	---} (29. exf6 $142 exf6 30. Qxb6 Qh4 31. Bg7+ Kxg7 32. Re7+ (32. Qxb7+ Kg6 $18) (32. Qxa5 Be4 $18) 32... Kg6 33. Qxb7 (33. Rxb7 Qe1+ 34. Kh2 Qe5+ 35. Rg3+ Kh6 $18) 33... a4 34. Qc7) 1-0

[Event "USA Championship 2024"]
[Site "Saint Louis"]
[Date "2024.10.16"]
[Round "5.2"]
[White "Oparin, Grigoriy"]
[Black "Sevian, Samuel"]
[Result "1/2-1/2"]
[ECO "A04"]
[WhiteElo "2662"]
[BlackElo "2689"]
[Annotator "TA"]
[PlyCount "99"]
[EventDate "2024.10.09"]
[EventType "tourn"]
[EventCountry "USA"]
[SourceTitle "playchess.com"]
[Source "ChessBase"]
[SourceQuality "1"]
[TimeControl "40/5400+30:1800+30"]

1. e4 c5 2. Nf3 e6 3. d3 Nc6 4. g3 g6 5. Bg2 Bg7 6. O-O d6 7. c3 e5 {[%emt 0:02:08] A04: Unusual lines after 1 Nf3 and King's Indian Attack.} 8. a3 h6 $146 ({Predecessor:} 8... Nge7 9. b4 O-O 10. Nbd2 b6 11. Bb2 Qc7 12. Rb1 Ba6 13. Nc4 cxb4 14. cxb4 Bb7 15. Rc1 Qd7 16. d4 exd4 17. Nxd4 Ne5 18. Nf5 Nxf5 19. Bxe5 {½-½ Amin,B (2672)-Gabuzyan,H (2569) Lake Sevan Martuni 2017 (7)}) 9. b4 Nf6 10. b5 Ne7 11. a4 a6 12. Na3 O-O 13. Bb2 axb5 14. axb5 Be6 15. Re1 Nd7 16. d4 exd4 17. cxd4 Nb6 18. Rb1 c4 19. d5 Bxb2 20. Rxb2 Bxd5 $1 (20... Rxa3 $6 21. dxe6 fxe6 22. Rd2 $16) 21. Nc2 Be6 22. Nfd4 Qd7 23. Ne3 Qc7 24. Rc2 (24. Nxe6 $16 fxe6 25. Rd2) 24... Bd7 $1 $11 25. Qd2 Ra4 26. Rec1 Qc5 27. Rc3 Rfa8 28. Bf1 d5 $1 (28... Bxb5 $6 29. Nxb5 Qxb5 30. Qxd6 $16) 29. exd5 Nexd5 30. Nxd5 Qxd5 31. Bg2 Qd6 32. Bxb7 Rd8 33. Qe3 {[%emt 0:06:08] [#]} (33. Rd1 $17 {keeps fighting.}) 33... Bh3 $2 (33... Bc8 $1 $19 34. Bxc8 Nd5) 34. Nf3 Kh7 35. Qe5 (35. Qe1 $5) 35... Rb4 36. Re3 Na4 (36... Nd5 {simplifies} 37. Qxd6 Rxd6 38. Re4 Rxb5 39. Bxd5 Rbxd5 40. Rcxc4 Rd3) 37. Qe7 {[%emt 0:01:16] [#]} (37. Re4 $11) 37... Qxe7 (37... Rxb5 $2 38. Qxf7+ Kh8 39. Re7 $18 (39. Qxc4 Rc5 $17) (39. Rxc4 Rf8 $17) (39. Re8+ Rxe8 40. Qxe8+ Kg7 $18) (39. Qxc4 Rc5 $17) (39. Rxc4 Rf8 $17) (39. Re8+ Rxe8 40. Qxe8+ Kg7 $18)) ({Better is} 37... Kg7 $1 $17 38. Qe5+ Qxe5 39. Nxe5 Rd2 (39... Rxb5 40. Bc6 $11)) 38. Rxe7 $15 Kg7 ({Reject} 38... Rxb5 39. Bc6 Rf5 40. Ne5 $14 (40. Bxa4 Rxf3 41. Rxc4 Rf6 $15) (40. Bxa4 $2 {perishes.} Rxf3 41. Rxc4 Rd2 $19)) 39. Ne5 Kf6 40. Nc6 Rxb5 41. Ba6 $1 Rb6 42. Bxc4 Rd7 43. Rxd7 Bxd7 44. Nd4 Rb4 45. Nf3 Nb6 46. Bd3 Rb3 47. Be4 Rb4 48. Bd3 Rb3 49. Be4 Rb4 50. Bd3 1/2-1/2

[Event "USA Championship 2024"]
[Site "Saint Louis"]
[Date "2024.10.16"]
[Round "5.3"]
[White "Mishra, Abhimanyu"]
[Black "Liang, Awonder"]
[Result "0-1"]
[ECO "D27"]
[WhiteElo "2630"]
[BlackElo "2677"]
[Annotator "TA"]
[PlyCount "86"]
[EventDate "2024.10.09"]
[EventType "tourn"]
[EventCountry "USA"]
[SourceTitle "playchess.com"]
[Source "ChessBase"]
[SourceQuality "1"]
[TimeControl "40/5400+30:1800+30"]

1. d4 d5 2. c4 e6 3. Nc3 dxc4 4. e3 Nf6 5. Bxc4 a6 6. a4 c5 7. Nf3 Nc6 8. O-O Be7 9. d5 exd5 10. Nxd5 O-O 11. Nxe7+ Qxe7 12. b3 Be6 13. Qc2 {[%emt 0:07:19] The position is equal.} Nb4 14. Qe2 Ne4 15. Bd2 Bg4 16. Rfd1 Qf6 {[%emt 0:00:06] ...Ng5 is the strong threat.} 17. h3 Bh5 18. g4 Bg6 {[%emt 0:02:39][%cal Ob7b5] Black has more active pieces.} 19. Be1 Qe7 (19... Nc2 $1 $17 20. Ne5 Nxe1 (20... Qxe5 21. Qxc2 Ng5 22. Qe2 $17) (20... Nxa1 21. Nd7 $17)) 20. Qb2 Rae8 21. Bc3 (21. Rac1 $15) 21... Nxc3 $17 22. Qxc3 Be4 23. Nd2 {[%emt 0:01:36] [#]} Bc6 {[%emt 0:00:07] aiming for ...b5.} 24. e4 Rd8 (24... Bxe4 $2 25. Re1 $18) (24... h5 $142 25. gxh5 b5 (25... Bxe4 26. Nxe4 Qxe4 27. h6 $11)) 25. Re1 Rd4 26. Bf1 Rfd8 (26... Bxe4 27. f3 $16) 27. Nc4 {[%emt 0:07:00] White does not recover from this.} (27. Nf3 $17) 27... g6 ({Don't play} 27... Rxe4 28. Ne5 $17) (27... Bxe4 28. f3 Qh4 29. fxe4 $11) 28. Ne3 $2 (28. Na5 {is a better defense.}) 28... Qxe4 $19 ({Resist} 28... Rxe4 29. f3 Re6 30. Ng2) 29. Bg2 {[%emt 0:00:00] [#]} Qf4 30. Bxc6 Rd2 ({Less strong is} 30... bxc6 31. Ng2 Qd6 32. Re2 $19) 31. Rf1 Nxc6 32. Ng2 Qd6 {[%emt 0:05:40] Hoping for ...Rd3.} 33. Qg3 Qxg3 34. fxg3 R8d3 35. Rf2 Nd4 36. Rxd2 Rxd2 {[%emt 0:00:13][%mdl 4096] Endgame. KRN-KRN. Black is clearly winning.} 37. Nf4 Nxb3 38. Re1 Kf8 39. Re5 c4 40. Nd5 Nd4 41. Re3 {[%emt 0:23:32] Inhibits Nf3+.} Ne2+ 42. Kf1 Nxg3+ 43. Rxg3 Rxd5 {[%emt 0:00:02] Weighted Error Value: White=0.26 (precise) /Black=0.10 (very precise) .  Mistake:       	White=3     	Black=2      Inaccurate:     	White=3     	---        OK:         	White=13    	Black=19     Best:        	---       	Black=1} 0-1

[Event "USA Championship 2024"]
[Site "Saint Louis"]
[Date "2024.10.16"]
[Round "5.4"]
[White "Niemann, Hans Moke"]
[Black "So, Wesley"]
[Result "1/2-1/2"]
[ECO "C42"]
[WhiteElo "2733"]
[BlackElo "2751"]
[Annotator "TA"]
[PlyCount "84"]
[EventDate "2024.10.09"]
[EventType "tourn"]
[EventCountry "USA"]
[SourceTitle "playchess.com"]
[Source "ChessBase"]
[SourceQuality "1"]
[TimeControl "40/5400+30:1800+30"]

1. e4 e5 2. Nf3 Nf6 3. Nxe5 Nxe4 4. Qe2 Qe7 5. Qxe4 d6 6. d4 dxe5 7. dxe5 Nc6 8. Nc3 Qxe5 9. Qxe5+ Nxe5 {[%emt 0:00:05] White is slightly better.} 10. Bf4 f6 11. O-O-O {[%emt 0:06:35] Hoping for Nb5.} Bd7 12. Bxe5 fxe5 13. Bb5 c6 14. Rhe1 O-O-O $1 (14... cxb5 $2 {perishes.} 15. Rxe5+ Be7 16. Nd5 $18 (16. Nxb5 $2 Bxb5 17. Rxb5 Rb8 $19)) 15. Bc4 b5 16. Bd3 Re8 17. Ne4 Be7 18. Nd2 Bf6 19. h3 Kc7 20. Kb1 h5 21. Re2 g5 22. Ne4 Rhf8 23. c4 (23. Red2 {looks sharper.} g4 24. Bxb5 Re7 25. Be2) 23... bxc4 {[%emt 0:03:42] The position is equal.} 24. Bxc4 Be7 25. Bd3 Rd8 26. Kc2 g4 27. hxg4 hxg4 (27... Bxg4 $5 28. f3 $8 Bc8 $15) 28. b3 Bc8 29. Rh1 Bf5 30. f3 gxf3 31. gxf3 Bxe4 32. Bxe4 Rh8 33. Rxh8 Rxh8 $11 {[%emt 0:00:04][%mdl 4096] Endgame. KRB-KRB} 34. Rg2 Bb4 35. Kb2 Rd8 36. Kc2 Kb6 37. Bd3 Rf8 38. Rg4 a5 39. Be4 Rd8 40. Bd3 Rf8 41. Be4 Rd8 42. Bd3 Rf8 {[%emt 0:00:11] Weighted Error Value: White=0.05 (flawless) /Black=0.03 (flawless) .  Inaccurate:     	White=1     	Black=1      OK:         	White=10    	Black=18     Strong:       	---       	Black=1} 1/2-1/2

[Event "USA Championship 2024"]
[Site "Saint Louis"]
[Date "2024.10.16"]
[Round "5.5"]
[White "Yoo, Christopher Woojin"]
[Black "Caruana, Fabiano"]
[Result "0-1"]
[ECO "A34"]
[WhiteElo "2590"]
[BlackElo "2796"]
[Annotator "TA"]
[PlyCount "96"]
[EventDate "2024.10.09"]
[EventType "tourn"]
[EventCountry "USA"]
[SourceTitle "playchess.com"]
[Source "ChessBase"]
[SourceQuality "1"]
[TimeControl "40/5400+30:1800+30"]

1. Nf3 c5 2. c4 b6 3. Nc3 Bb7 4. e4 e6 5. d4 cxd4 6. Nxd4 {[%emt 0:00:03] White wants to play Ndb5.} Nf6 7. Bd3 Nc6 8. Nxc6 dxc6 {[%emt 0:00:05] The position is equal.} 9. e5 Nd7 (9... Ng4 $15 {should be considered.} 10. Bf4 Qd4 11. Qxg4 Qxd3) 10. Bf4 $11 Qc7 11. Qe2 O-O-O 12. Bg3 h5 13. Bh4 Nxe5 14. Bxd8 Nxd3+ 15. Qxd3 Qxd8 16. O-O-O Qc7 17. Kb1 Be7 18. Rhe1 g6 19. g3 Kb8 20. Qe3 Ba6 21. b3 Bc8 22. f4 (22. Ne4 $16) 22... h4 23. Qe5 f6 24. Qe3 hxg3 25. hxg3 e5 26. fxe5 fxe5 27. Rh1 Bc5 28. Qg5 (28. Qd3 $11 Rf8 29. Ne4 (29. Qxg6 $2 {loses.} Bf5+ $19)) 28... Rxh1 $19 29. Rxh1 Qd6 30. g4 {[%emt 0:04:26] [#]} (30. Rh2 {was necessary.}) 30... Qd3+ $1 {[%emt 0:00:30][%mdl 1024] Black has strong compensation.} 31. Kb2 Bd4 32. Rc1 a5 {[%emt 0:04:48] ...b5 would now be deadly.} 33. a4 {[%emt 0:02:07] [#]} Qe4 (33... Kc7 $1 $19 34. Rc2 Bd7) 34. Qf6 ({White should try} 34. Qd8 Qxg4 35. Qd6+ Kb7 36. Qe7+ Ka6 37. Qf8) 34... Kc7 {[%emt 0:01:30] Chess con chili. Black is more active.} ({But not} 34... Qxg4 $6 35. Qxc6 Qg5 36. Rc2 $11) (34... Bxg4 $17 {Strongly threatening ...Qd3.} 35. c5 bxc5) 35. g5 $2 (35. b4 $15) 35... Qd3 {[%emt 0:00:07] Hoping for ...Qd2+.} 36. Qe7+ Kb8 {[%emt 0:00:39] ( -> ...Qd2+)} 37. Qd6+ Kb7 38. Qe7+ Ka6 39. b4 {[%emt 0:02:13] aiming for b5+.} Qxc4 40. Qe8 Qxb4+ 41. Ka2 Qc4+ 42. Kb2 Kb7 {[%emt 0:00:00] Black mates.} 43. Qe7+ Kb8 44. Qd6+ Ka8 45. Qxg6 Be6 46. Rc2 Qa2+ 47. Kc1 Be3+ {[%emt 0:00:00] A strong pair of Bishops.} 48. Kd1 Bg4+ {[%emt 0:00:00] Weighted Error Value: White=0.39/Black=0.16 (very precise) .  Loses game:     	White=2     	---        Mistake:       	White=3     	Black=3      Inaccurate:     	White=4     	Black=4      OK:         	White=9     	Black=10     Best:        	White=4     	Black=1      Strong:       	---       	Black=1} 0-1

[Event "USA Championship 2024"]
[Site "Saint Louis"]
[Date "2024.10.16"]
[Round "5.6"]
[White "Robson, Ray"]
[Black "Dominguez Perez, Leinier"]
[Result "1-0"]
[ECO "D45"]
[WhiteElo "2693"]
[BlackElo "2741"]
[Annotator "TA"]
[PlyCount "115"]
[EventDate "2024.10.09"]
[EventType "tourn"]
[EventCountry "USA"]
[SourceTitle "playchess.com"]
[Source "ChessBase"]
[SourceQuality "1"]
[TimeControl "40/5400+30:1800+30"]

1. d4 d5 2. c4 dxc4 3. Nf3 Nf6 4. e3 e6 5. Bxc4 c5 6. O-O Be7 7. Nc3 O-O 8. e4 {[%emt 0:03:13] D45: Semi-Slav: 5 e3.} cxd4 9. Nxd4 Qc7 10. Qe2 Nc6 11. Nf3 Ng4 12. g3 $146 ({Predecessor:} 12. Nb5 Qb8 13. h3 Nge5 14. Nxe5 Nxe5 15. Bb3 a6 16. Nc3 Nc6 17. Rd1 b5 18. Be3 {1-0 Knezevic,M (2500)-Mestrovic,Z (2465) Yugoslavia  1979}) 12... a6 13. Bf4 Bd6 14. Bxd6 Qxd6 15. Rfd1 Qc7 16. Rac1 Bd7 17. Bb3 Rfd8 18. Ng5 Nf6 19. f4 h6 20. Nf3 $1 Qb6+ 21. Qf2 Qb4 $1 22. Qe2 $1 Qb6+ 23. Qf2 Qb4 $1 24. Qe2 $1 Na5 25. e5 Nxb3 26. axb3 Ne8 27. Nd4 Bc6 28. Nxc6 bxc6 29. Qc4 Qb6+ 30. Kg2 Nc7 31. Rd6 Rab8 32. Qxc6 (32. Rxc6 $2 Rd2+ (32... Qxb3 $2 33. Qxb3 Rxb3 34. Rxc7 $18) 33. Ne2 (33. Kh3 $2 Qf2 $19) 33... Qe3 $19 (33... Qxb3 34. Qxb3 Rxb3 35. R1c2 $15)) 32... Rxd6 33. Qxd6 Qb7+ 34. Kh3 Ne8 35. Qd3 Qxb3 36. Qxa6 Nc7 37. Qd6 Nd5 (37... Qc4 $14) 38. Nxd5 $16 exd5 39. e6 fxe6 (39... Qxb2 $16 {keeps fighting.} 40. e7 Re8) 40. Qxe6+ $18 Kh8 41. Qe5 $1 Qb6 {[%emt 0:04:26] [#]} (41... Qb5 {was necessary.}) 42. Rc7 $1 $18 (42. Qxd5 Qxb2 43. Re1 Qc2 $11) 42... Rg8 {[%emt 0:04:52] [#]} 43. Rd7 $1 Qa6 44. Rxd5 (44. Qxd5 Qf1+ 45. Kh4 (45. Qg2 Qc4 $16) 45... Qe2) 44... Qc8+ 45. Kh4 Qc2 $2 (45... Re8 46. Qh5 Re3) 46. h3 $18 Kh7 47. Rd7 ({Stronger than} 47. Qf5+ Qxf5 48. Rxf5 Rb8 $11) 47... Qb3 (47... Qc6 $142 48. Qf5+ Qg6 49. Qxg6+ Kxg6 50. Rd6+ Kf7) 48. Re7 $2 (48. g4 Qa4 49. Re7) 48... Qb6 $2 (48... Qb4 $18 49. Kh5 Kh8) 49. f5 Kh8 50. Kh5 Qc6 51. b4 Qf3+ 52. Kh4 Qd1 53. b5 Qa4+ 54. g4 Qc2 55. b6 Qf2+ 56. Kh5 Kh7 57. f6 Qxb6 58. Qf5+ ({Weaker is} 58. fxg7 Qg6+ 59. Kh4 Rxg7 $14) 1-0